 Dungeon Crawl Stone Soup version 0.20-a0-1043-gbd57889 (webtiles) character file.

2061 stigmas the Grappler (level 9, -8/80 HPs)
             Began as a Troll Necromancer on Apr 24, 2017.
             Was a Priest of Makhleb.
             Killed from afar by Erica (14 damage)
             ... with a bolt of poison
             ... on level 8 of the Dungeon.
             The game lasted 00:14:27 (5502 turns).

stigmas the Grappler (Troll Necromancer)            Turns: 5502, Time: 00:14:35

Health: -8/80      AC:  6    Str: 23    XL:     9   Next: 5%
Magic:  6/11       EV: 10    Int: 14    God:    Makhleb [***...]
Gold:   330        SH:  0    Dex: 10    Spells: 5/13 levels left

rFire    . . .     SeeInvis .     - Unarmed
rCold    . . .     Gourm    +   (no shield)
rNeg     + . .     Faith    .   a - +1 robe
rPois    .         Spirit   .   (helmet restricted)
rElec    .         Reflect  .   (no cloak)
rCorr    .         Harm     .   (gloves unavailable)
MR       .....                  (boots unavailable)
Stlth    ++........             w - amulet of regeneration
Regen    2.1/turn               n - ring of stealth
MPRegen  0.2/turn               G - ring of positive energy

@: mighty, lethally poisoned (-8 -> -9), regenerating (expiring), slowed, very
slow
A: unfitting armour, claws 3, fast metabolism 3, gourmand, regeneration 1,
shaggy fur 1, tough skin 2
a: Minor Destruction, Lesser Servant of Makhleb, Renounce Religion


You were on level 8 of the Dungeon.
You worshipped Makhleb.
Makhleb was most pleased with you.
You were very full.

You visited 2 branches of the dungeon, and saw 9 of its levels.

You collected 330 gold pieces.

Inventory:

Armour
 a - a +1 robe (worn)
Jewellery
 n - a ring of stealth (left claw)
 w - an amulet of regeneration (around neck)
 G - a ring of positive energy (right claw)
 H - an uncursed ring of stealth
Wands
 e - a wand of iceblast (5/15)
 x - a wand of iceblast (9/15)
 D - a wand of iceblast (5/15)
 E - a wand of confusion (24/48)
 F - a wand of paralysis (9/24)
 J - a wand of lightning (7/15)
Scrolls
 g - 2 scrolls of enchant armour
 m - a scroll of fear {unknown}
 p - a scroll of enchant weapon {unknown}
 r - a scroll of amnesia {unknown}
 s - a scroll of remove curse {unknown}
 u - a scroll of magic mapping {unknown}
 v - 4 scrolls of teleportation {unknown}
 y - a scroll of fog {unknown}
 B - 3 scrolls of immolation {unknown}
 C - a scroll of identify
 L - a scroll of acquirement {unknown}
Potions
 d - a potion of degeneration
 f - 2 potions of curing
 h - a potion of haste
 k - a potion of brilliance
 q - a potion of resistance
 t - a potion of ambrosia {unknown}
 z - a potion of lignification {unknown}
 A - 2 potions of invisibility {unknown}
Books
 b - a book of Necromancy

   Spells                             Type                      Level
   a - Pain                           Necromancy                   1
   b - Animate Skeleton               Necromancy                   1
   c - Vampiric Draining              Necromancy                   3
   d - Regeneration                   Charms/Necromancy            3
   e - Animate Dead                   Necromancy                   4
   f - Control Undead                 Necromancy                   4
Comestibles
 c - 5 bread rations
 i - 4 royal jellies
 o - 6 meat rations
 I - 2 fruits
 K - a chunk of flesh


   Skills:
 * Level 2.9 Fighting
 + Level 3.1 Dodging
 - Level 1.0 Stealth
 * Level 9.1 Unarmed Combat
 * Level 2.5 Spellcasting
 * Level 4.8 Necromancy


You had 5 spell levels left.
You knew the following spells:

 Your Spells              Type           Power        Failure   Level  Hunger
a - Pain                  Necr           ###.         3%          1    #......
b - Animate Skeleton      Necr           N/A          3%          1    #......
c - Vampiric Draining     Necr           ###.......   9%          3    ###....
d - Regeneration          Chrm/Necr      #.........   24%         3    ###....


Dungeon Overview and Level Annotations

Branches:
Dungeon (8/15)             Temple (1/1) D:6
   Lair: D:8-11

Altars:
Ashenzari
Dithmenos
Fedhas
Gozag
Hepliaklqana
Makhleb
Nemelex Xobeh
Qazlal
Trog
Vehumet
Wu Jian
Yredelemnul
Zin

Annotations:
D:8 Erica


Innate Abilities, Weirdness & Mutations

You are too large for most types of armour.
You have claws for hands.
Your metabolism is lightning-fast.
You like to eat raw meat.
Your natural rate of healing is unusually fast.
You are covered in fur. (AC +1)
You have very tough skin. (AC +2)


Message History

You are no longer poisoned.
You feel as though you will be slow longer.
You hear some strange, mumbled words.
A bolt of poison appears from out of thin air!
The bolt of poison hits you!
You are poisoned.
* * * LOW HITPOINT WARNING * * *
You feel sick.
You hear some strange, mumbled words.
An orb of energy appears from out of thin air!
The orb of energy hits you!
* * * LOW HITPOINT WARNING * * *
An orc comes into view.
You feel sick.
Something tries to affect you, but you resist.
You hear some strange, mumbled words.
A bolt of poison appears from out of thin air!
The bolt of poison hits you!
You are more poisoned.
You die...

..###.............#
#......#....._....#
#......#..........###
........###...###... . #.
.......#E#...#E#...
..#.#########....###...###...
..o.........#......##'#......
#.#.........#>...............
............@.####.......####
#...........### #.......#
#...........######.......#### .
#...........................O
..
#...####'#...................
##'#...##
#{#.).......##+##.....
........#
#†#.........#.........
......>.#
#a#....÷..............
........###Z##........#..######


There were no monsters in sight!

Vanquished Creatures
  Joseph (D:7)
  Grinder (D:4)
  A hippogriff (D:8)
  Eustachio (D:4)
  2 sky beasts
  An ice beast (D:7)
  An ogre (D:6)
  2 bullfrogs (D:6)
  2 crimson imps
  A centaur zombie (D:5)
  A bullfrog zombie (D:7)
  2 orc priests
  2 hounds
  5 orc wizards
  5 worker ants
  A hound zombie (D:6)
  A hound skeleton (D:8)
  11 adders
  A shadow imp (D:6)
  3 oozes
  An adder zombie (D:6)
  2 adder skeletons
  2 worms (D:2)
  4 leopard geckos
  24 orcs
  2 ball pythons
  9 bats
  5 giant cockroaches
  2 goblins
  10 hobgoblins
  6 jackals
  8 kobolds
  6 quokkas
  2 frilled lizards
  A quokka skeleton (D:5)
  14 rats
143 creatures vanquished.

Notes
Turn   | Place    | Note
-------+----------+-------------------------------------------
     0 | D:1      | stigmas the Troll Necromancer began the quest for the Orb.
     0 | D:1      | Reached XP level 1. HP: 16/16 MP: 1/1
   207 | D:1      | Reached XP level 2. HP: 22/26 MP: 3/3
   543 | D:1      | Reached skill level 1 in Unarmed Combat
   779 | D:2      | Reached XP level 3. HP: 15/32 MP: 4/4
   814 | D:2      | Found a bloodstained altar of Trog.
   900 | D:2      | Found a hazy altar of Hepliaklqana.
  1095 | D:2      | Found a burning altar of Makhleb.
  1096 | D:2      | Found a shattered altar of Ashenzari.
  1098 | D:2      | Found an ornate altar of the Wu Jian Council.
  1098 | D:2      | Found a radiant altar of Vehumet.
  1100 | D:2      | Found a glowing silver altar of Zin.
  1101 | D:2      | Found an opulent altar of Gozag.
  1120 | D:2      | Became a worshipper of Makhleb the Destroyer
  1285 | D:2      | Reached skill level 2 in Unarmed Combat
  1406 | D:3      | Reached XP level 4. HP: 36/40 MP: 5/5
  1500 | D:3      | Reached skill level 1 in Fighting
  1942 | D:3      | Reached * piety under Makhleb
  2017 | D:3      | Reached skill level 3 in Unarmed Combat
  2097 | D:3      | Reached XP level 5. HP: 42/48 MP: 6/6
  2157 | D:4      | Noticed Grinder
  2161 | D:4      | Paralysed by Grinder for 2 turns
  2167 | D:4      | Paralysed by Grinder for 7 turns
  2180 | D:4      | Paralysed by Grinder for 5 turns
  2188 | D:4      | Paralysed by Grinder for 4 turns
  2200 | D:4      | Killed Grinder
  2200 | D:4      | Reached skill level 4 in Unarmed Combat
  2200 | D:4      | Reached XP level 6. HP: 28/55 MP: 7/7
  2285 | D:4      | Learned a level 1 spell: Animate Skeleton
  2289 | D:4      | Learned a level 3 spell: Vampiric Draining
  2293 | D:4      | Learned a level 3 spell: Regeneration
  2455 | D:4      | Reached skill level 5 in Unarmed Combat
  2764 | D:4      | Noticed Eustachio
  2780 | D:4      | Killed Eustachio
  2780 | D:4      | Reached XP level 7. HP: 56/62 MP: 7/9
  3017 | D:5      | Entered Level 5 of the Dungeon
  3172 | D:5      | Reached ** piety under Makhleb
  3241 | D:5      | Reached skill level 6 in Unarmed Combat
  3294 | D:5      | Found a shadowy altar of Dithmenos.
  4021 | D:6      | Found a blossoming altar of Fedhas.
  4028 | D:6      | Reached skill level 7 in Unarmed Combat
  4028 | D:6      | Reached XP level 8. HP: 72/72 MP: 10/10
  4100 | D:6      | Reached *** piety under Makhleb
  4213 | D:6      | Noticed a two-headed ogre
  4516 | D:7      | Found a glowing silver altar of Zin.
  4774 | D:7      | Noticed Joseph
  4783 | D:7      | Killed Joseph
  4783 | D:7      | Reached skill level 8 in Unarmed Combat
  4908 | D:7      | Found a basalt altar of Yredelemnul.
  4930 | D:7      | Found a sparkling altar of Nemelex Xobeh.
  5147 | D:6      | Found a staircase to the Ecumenical Temple.
  5161 | Temple   | Entered the Ecumenical Temple
  5337 | D:8      | Found a stormy altar of Qazlal.
  5338 | D:8      | Noticed an air elemental
  5371 | D:8      | Noticed a hippogriff
  5383 | D:8      | Killed a hippogriff
  5383 | D:8      | Reached skill level 9 in Unarmed Combat
  5383 | D:8      | Reached XP level 9. HP: 55/80 MP: 11/11
  5447 | D:8      | Noticed a two-headed ogre
  5463 | D:8      | Noticed Erica
  5495 | D:8      | HP: 4/80 [something (3)]
  5501 | D:8      | HP: 4/80 [something/orb of energy (20)]
  5502 | D:8      | Killed from afar by Erica

Vault maps used:
D:1:      dpeg_arrival_pits
D:2:      grunt_temple_overflow_open, nicolae_overflow_hidden_temple,
          lemuel_doored_altar, first_bread, minmay_misc_feat_nine_boxes,
          minivault_25
D:3:      cheibrodos_helix_gallery
D:4:      uniq_grinder, uniq_eustachio
D:5:      nicolae_overflow_crystal_walls
D:6:      lemuel_crystal_altar, minmay_temple_entry_nine_rooms,
          minmay_misc_feat_ornament, minivault_25
D:7:      kennysheep_little_box, kennysheep_mini_moat, basic_altar, uniq_joseph
D:8:      lemuel_ratsnest, nicolae_qazlal_style_of_elements, uniq_grum,
          uniq_erica
Temple:   nicolae_temple_figure_zero

Skill      XL: |  1  2  3  4  5  6  7  8 |
---------------+-------------------------+-----
Unarmed Combat | 1 2 3 4 5 7 9 |  9.1
Fighting       | 1 2 |  2.9
Dodging        | 2 3 |  3.1
Necromancy     | 4 |  4.8
Spellcasting   | 2 |  2.5
Stealth        | |  1.0

Action                   |  1- 3 |  4- 6 |  7- 9 || total
-------------------------+-------+-------+-------++-------
Melee: Unarmed           |   116 |   135 |   238 ||   489
       Punch             |       |     2 |     6 ||     8
 Cast: Vampiric Draining |       |       |     2 ||     2
       Regeneration      |       |       |     2 ||     2
  Use: Scroll            |       |       |     8 ||     8
       Potion            |       |       |     2 ||     2
 Stab: Sleeping          |       |     7 |     8 ||    15
  Eat: Chunk             |    13 |    16 |    27 ||    56
Armor: Robe              |    46 |    48 |    67 ||   161
Dodge: Dodged            |    64 |    65 |   110 ||   239
